[Event "Early-Titled-Tuesday-Blitz-April-02-2024"]
[Site "Chess.com"]
[Date "2024.04.02"]
[Round "4"]
[White "Rosh1610"]
[Black "Chernov_Alexander_A"]
[Result "0-1"]
[WhiteElo "2447"]
[BlackElo "2214"]
[TimeControl "180+1"]
[EndTime "8:33:08 PDT"]
[Termination "Chernov_Alexander_A won by resignation"]

1. e4 d6 2. d4 Nf6 3. Nc3 Nbd7 4.
f4 e5 5. Nf3 exd4 6. Qxd4 c6 7.
a4 d5 8. exd5 Bc5 9. Qd3 O-O 10.
Be3 Re8 11. Ne5 Nxe5 0-1

[Event "Early-Titled-Tuesday-Blitz-April-02-2024"]
[Site "Chess.com"]
[Date "2024.04.02"]
[Round "4"]
[White "FGHSMN"]
[Black "LileKoridze"]
[Result "1-0"]
[WhiteElo "2908"]
[BlackElo "2428"]
[TimeControl "180+1"]
[EndTime "8:33:14 PDT"]
[Termination "FGHSMN won by resignation"]

1. d4 Nf6 2. Bf4 e6 3. e3 c5 4.
Nf3 b6 5. Nc3 Bb7 6. Nb5 d6 7.
dxc5 e5 8. cxd6 Na6 9. Nxe5 g6 10. Bc4 Bg7 11. Nxf7 Qd7 12. Ne5 Qf5 13. d7+ Nxd7 14.
Nd6+ 1-0

[Event "Early-Titled-Tuesday-Blitz-April-02-2024"]
[Site "Chess.com"]
[Date "2024.04.02"]
[Round "4"]
[White "wqws"]
[Black "Truequitos"]
[Result "1-0"]
[WhiteElo "2727"]
[BlackElo "2559"]
[TimeControl "180+1"]
[EndTime "8:34:26 PDT"]
[Termination "wqws won by resignation"]

1. e4 c6 2. d4 d5 3. e5 c5 4. Nf3 Nc6 5. Bb5 cxd4 6. Nxd4 Qc7 7. O-O e6 8. c4 a6 9. cxd5 exd5 10. Ba4 Bc5 11. Nc3 Ne7 12. Nxc6 bxc6 13. Nxd5 Qb7 14. Bg5 O-O 15. Bxe7 Bxe7 16. Bxc6 Qa7 17. Nxe7+ Qxe7 18. Bxa8 1-0

[Event "Early-Titled-Tuesday-Blitz-April-02-2024"]
[Site "Chess.com"]
[Date "2024.04.02"]
[Round "4"]
[White "FlemingA"]
[Black "FLYD"]
[Result "1-0"]
[WhiteElo "2443"]
[BlackElo "1917"]
[TimeControl "180+1"]
[EndTime "8:34:27 PDT"]
[Termination "FlemingA won by resignation"]

1. c4 e5 2. Nc3 Nf6 3. g3 Bc5 4. Bg2 d6 5. e3 Nc6 6. Nge2 Bf5 7.
O-O Qd7 8. a3 h5 9. h4 O-O-O 10.
b4 Bb6 11. d4 a6 12. b5 axb5 13. cxb5 Na5 14. Qa4 Bh3 15. Bd2 Bxg2 16. Kxg2 exd4 17. exd4 Rde8 18. Nf4 Ne4 19. Nxe4 Rxe4 1-0

[Event "Early-Titled-Tuesday-Blitz-April-02-2024"]
[Site "Chess.com"]
[Date "2024.04.02"]
[Round "4"]
[White "Midgardsormur"]
[Black "ahkashefi2800"]
[Result "1-0"]
[WhiteElo "2463"]
[BlackElo "2594"]
[TimeControl "180+1"]
[EndTime "8:34:30 PDT"]
[Termination "Midgardsormur won by resignation"]

1. e4 c6 2. d4 d5 3. e5 Bf5 4. h4 h5 5. Bd3 Bxd3 6. Qxd3 e6 7. Bg5 Qa5+ 8. Nd2 Qa6 9. c4 Bb4 10. Nf3 Qxc4 11. Qxc4 dxc4 12. Ke2 b5 13. Ne4 Be7 14. Bxe7 Nxe7 15. Nd6+ Kf8 16. Ng5 Nf5 17. Ndxf7 Nxd4+ 18. Ke3 Nf5+ 19. Kf4 Rg8 20. Nd8 Ke7 21. Ndxe6 Rf8 22.
Nxf8 1-0

[Event "Early-Titled-Tuesday-Blitz-April-02-2024"]
[Site "Chess.com"]
[Date "2024.04.02"]
[Round "4"]
[White "SmirnovTimofey2000"]
[Black "lcmil"]
[Result "0-1"]
[WhiteElo "1944"]
[BlackElo "2285"]
[TimeControl "180+1"]
[EndTime "8:34:31 PDT"]
[Termination "lcmil won by resignation"]

1. e4 c5 2. c3 Nf6 3. e5 Nd5 4. Nf3 d6 5. exd6 Qxd6 6. d4 cxd4 7. cxd4 Nc6 8. Nc3 a6 9. Bc4 Be6 10. Bxd5 Bxd5 11. Nxd5 Qxd5 12. Be3 e6 13. O-O Bd6 14. Rc1 Qxa2 15. d5 Qxd5 16. Qxd5 exd5 17. Nd4 Kd7 18.
Nf5 Be5 0-1

[Event "Early-Titled-Tuesday-Blitz-April-02-2024"]
[Site "Chess.com"]
[Date "2024.04.02"]
[Round "4"]
[White "GMthekingindian"]
[Black "Manukyan_Artak"]
[Result "1/2-1/2"]
[WhiteElo "2222"]
[BlackElo "2544"]
[TimeControl "180+1"]
[EndTime "8:34:33 PDT"]
[Termination "Game drawn by repetition"]

1. e4 c6 2. c4 e5 3. Nf3 d6 4. Nc3 Nd7 5. d4 Ngf6 6. Be2 g6 7. O-O Bg7 8. Re1 O-O 9. Qc2 a5 10. b3 Re8 11. dxe5 Nxe5 12. Nxe5 dxe5 13. Ba3 Be6 14.
Rad1 Nd7 15. Na4 Qh4 16. g3 Qh3 17. Bf1 Qh5 18. Be2 Qh3 19. Bf1 Qh5 20. Be2 Qh3 1/2-1/2

[Event "Early-Titled-Tuesday-Blitz-April-02-2024"]
[Site "Chess.com"]
[Date "2024.04.02"]
[Round "4"]
[White "N_I_Chess"]
[Black "KubaGepard"]
[Result "0-1"]
[WhiteElo "2372"]
[BlackElo "2572"]
[TimeControl "180+1"]
[EndTime "8:34:44 PDT"]
[Termination "KubaGepard won by checkmate"]

1. d4 d5 2. c4 dxc4 3. Nf3 Nf6 4. a4 Nc6 5. Nc3 e6 6. e3 Na5 7. e4 Bb4 8. Qc2 Nb3 9. Rb1 Nxd4 10. Nxd4 Qxd4 11.
Bd2 b6 12. Be2 Bb7 13. O-O Bxc3 14. Bxc3 Qxe4 15. Qd2 Qxg2# 0-1

[Event "Early-Titled-Tuesday-Blitz-April-02-2024"]
[Site "Chess.com"]
[Date "2024.04.02"]
[Round "4"]
[White "ChessSwole"]
[Black "ccccvhhhj"]
[Result "0-1"]
[WhiteElo "2693"]
[BlackElo "2425"]
[TimeControl "180+1"]
[EndTime "8:35:00 PDT"]
[Termination "ccccvhhhj won by resignation"]

1. e4 e6 2. d4 d5 3. e5 c5 4. c3 Nc6 5. Nf3 Bd7 6. Be2 Qc7 7.
O-O f6 8. Bf4 O-O-O 9. Bg3 f5 10.
dxc5 h6 11. h4 g5 12. hxg5 hxg5 13. Nxg5 Nh6 14. b4 Be7 15. f4 Rdg8 16. Na3 Nxe5 17. fxe5 Rxg5 18. Bf4 Rg7 19. c4 Ng4 20. cxd5 Bxc5+ 0-1

[Event "Early-Titled-Tuesday-Blitz-April-02-2024"]
[Site "Chess.com"]
[Date "2024.04.02"]
[Round "4"]
[White "GiorgianBarbosa"]
[Black "FMStan15"]
[Result "1-0"]
[WhiteElo "2478"]
[BlackElo "2116"]
[TimeControl "180+1"]
[EndTime "8:35:18 PDT"]
[Termination "GiorgianBarbosa won by resignation"]

1. d4 Nf6 2. Bg5 h6 3. Bxf6 exf6 4. e3 g6 5. g3 f5 6. Bg2 Bg7 7. Ne2 O-O 8. O-O d5 9. b3 c6 10. c4 dxc4 11. bxc4 Nd7 12. Nbc3 Nf6 13. Rb1 Qe7 14.
Qa4 Rd8 15. c5 Nd5 16. Nxd5 cxd5 17. Nc3 Be6 18. Qb3 Rab8 19. Rb2 b6 20. cxb6 Rxb6 21. Qc2 Rdb8 22. Rfb1 Rxb2 23. Rxb2 Rxb2 24. Qxb2 Qd6 25. Qb3 Qa6 26. Bxd5 Bxd5 27. Nxd5 Kh7 28. Nf4 Qc6 29. Qxf7 a5 30. h4 h5 31. Ne6 Qc1+ 32. Kh2 1-0

[Event "Early-Titled-Tuesday-Blitz-April-02-2024"]
[Site "Chess.com"]
[Date "2024.04.02"]
[Round "4"]
[White "newauto"]
[Black "ylr5000"]
[Result "0-1"]
[WhiteElo "2202"]
[BlackElo "2465"]
[TimeControl "180+1"]
[EndTime "8:35:25 PDT"]
[Termination "ylr5000 won by resignation"]

1. d4 d5 2. Nf3 Nf6 3. Bg5 Ne4 4. Bh4 Bf5 5. Nbd2 c6 6. Nxe4 Bxe4 7. e3 Qb6 8. Bd3 Bxd3 9. Qxd3 e6 10. O-O Nd7 11. c4 Qa6 12. Qc2 Qxc4 13. Rfc1 Qxc2 14. Rxc2 Bd6 15. Rb1 a5 16. a3 a4 17. b4 axb3 18.
Rxb3 Ra7 19. Bg3 Bxg3 20. hxg3 Ke7 21. Rcb2 Rb8 22. Ne5 Nxe5 23. dxe5 Kd7 24. Rb6 Kc7 25. R2b3 h5 26. Kh2 Rxa3 27. Rxc6+ Kxc6 28. Rxa3 b5 29. Kh3 b4 30. Rb3 Kc5 31. Kh4 Kc4 32. Rb1 b3 33.
Kxh5 b2 34. g4 Kc3 35. g5 Rh8+ 36. Kg4 Kc2 37. Rg1 g6 0-1

[Event "Early-Titled-Tuesday-Blitz-April-02-2024"]
[Site "Chess.com"]
[Date "2024.04.02"]
[Round "4"]
[White "moro182"]
[Black "SipkeErnst"]
[Result "1-0"]
[WhiteElo "2896"]
[BlackElo "2689"]
[TimeControl "180+1"]
[EndTime "8:35:31 PDT"]
[Termination "moro182 won by resignation"]

1. d4 d5 2. Bf4 Nf6 3. e3 c5 4. dxc5 e6 5. b4 a5 6. c3 Nc6 7. Bb5 Bd7 8. Qb3 g5 9. Bxg5 Rg8 10. Nf3 h6 11. Bh4 axb4 12. cxb4 Rg4 13. Bxc6 Bxc6 14. b5 Bd7 15. Nbd2 Bxc5 16. O-O Rb4 17. Qc3 Be7 18.
Bxf6 1-0

[Event "Early-Titled-Tuesday-Blitz-April-02-2024"]
[Site "Chess.com"]
[Date "2024.04.02"]
[Round "4"]
[White "Barmen_EV"]
[Black "Aradhya2000"]
[Result "0-1"]
[WhiteElo "2575"]
[BlackElo "2757"]
[TimeControl "180+1"]
[EndTime "8:35:33 PDT"]
[Termination "Aradhya2000 won by checkmate"]

1. e4 e5 2. Nf3 Nc6 3. d4 exd4 4. Bc4 Nf6 5. O-O Nxe4 6. Nc3 Nxc3 7. bxc3 Be7 8. cxd4 d5 9. Bb5 O-O 10. Bxc6 bxc6 11.
h3 Bd6 12. c3 Re8 13. Be3 Bf5 14. Qd2 f6 15. Rfe1 Qd7 16. Bf4 Re4 17. Bxd6 cxd6 18. Rxe4 dxe4 19. Nh4 Be6 20. g4 h5 21. Kh2 hxg4 22. hxg4 Bxg4 23. Ng6 Kf7 24. Nf4 Rh8+ 25. Kg3 Bf3 26. Ne6 Qxe6 27. Qf4 Qh3# 0-1

[Event "Early-Titled-Tuesday-Blitz-April-02-2024"]
[Site "Chess.com"]
[Date "2024.04.02"]
[Round "4"]
[White "ExtremeLearner"]
[Black "Khromkin"]
[Result "1-0"]
[WhiteElo "2573"]
[BlackElo "2338"]
[TimeControl "180+1"]
[EndTime "8:35:43 PDT"]
[Termination "ExtremeLearner won by resignation"]

1. e4 c5 2. Nc3 g6 3. d4 cxd4 4. Qxd4 Nf6 5. Be3 Nc6 6. Qd2 Ng4 7. Bf4 e5 8. Bg5 f6 9. Bh4 Nd4 10. Nd5 Bh6 11. f4 Ne6 12. Be2 Nxf4 13. Bxg4 O-O 14.
Nxf4 Bxf4 15. Qd5+ Kg7 16. Ne2 Qb6 17. Nxf4 exf4 18.
O-O-O 1-0

[Event "Early-Titled-Tuesday-Blitz-April-02-2024"]
[Site "Chess.com"]
[Date "2024.04.02"]
[Round "4"]
[White "Byniolus"]
[Black "shimastream"]
[Result "1-0"]
[WhiteElo "2769"]
[BlackElo "2998"]
[TimeControl "180+1"]
[EndTime "8:35:44 PDT"]
[Termination "Byniolus won by checkmate"]

1. d4 h5 2. Nf3 d6 3. c4 Nd7 4. Nc3 e5 5. e4 c6 6. Be3 Ngf6 7. h3 Be7 8. Be2 Qc7 9. O-O h4 10. Rc1 Nf8 11. c5 exd4 12. cxd6 Bxd6 13. Nb5 Qd8 14.
Nxd6+ Qxd6 15. e5 Qe6 16. exf6 dxe3 17. fxg7 Rg8 18. gxf8=Q+ Kxf8 19. Qd8+ Kg7 20. Qxh4 exf2+ 21. Rxf2 Kf8 22. Bc4 Qe3 23. Re1 Qc5 24. b4 Qb6 25.
Qe7+ Kg7 26. Qxf7+ Kh8 27. Qxg8# 1-0

[Event "Early-Titled-Tuesday-Blitz-April-02-2024"]
[Site "Chess.com"]
[Date "2024.04.02"]
[Round "4"]
[White "stollenmonster"]
[Black "Lukianoo"]
[Result "0-1"]
[WhiteElo "2910"]
[BlackElo "2818"]
[TimeControl "180+1"]
[EndTime "8:35:54 PDT"]
[Termination "Lukianoo won by resignation"]

1. e4 c6 2. g3 d5 3. Bg2 dxe4 4. Bxe4 Nf6 5. Bg2 Bg4 6. Ne2 Nbd7 7. Nbc3 Ne5 8. d4 Ng6 9. h3 Bxe2 10. Nxe2 e6 11. O-O Bd6 12. c4 O-O 13. Nc3 Qc7 14.
Bg5 Be7 15. Qe2 h6 16. Be3 Rfe8 17. Rac1 Rad8 18. Rfd1 Qb8 19. Qc2 Bd6 20. Ne4 Nxe4 21.
Bxe4 Bxg3 22. Bxg6 fxg6 23. Qxg6 Bf4 24. Rc3 c5 25.
Bxf4 Qxf4 26. d5 exd5 27. Rxd5 Re1+ 28. Kg2 Rf8 29. Rc2 Qf3+ 0-1

[Event "Early-Titled-Tuesday-Blitz-April-02-2024"]
[Site "Chess.com"]
[Date "2024.04.02"]
[Round "4"]
[White "Kostya0705"]
[Black "diamonds13"]
[Result "1-0"]
[WhiteElo "2557"]
[BlackElo "2365"]
[TimeControl "180+1"]
[EndTime "8:35:55 PDT"]
[Termination "Kostya0705 won by checkmate"]

1. e4 c5 2. Nf3 Nc6 3. Nc3 e6 4. d4 cxd4 5. Nxd4 Nf6 6. Ndb5 Bc5 7. Bf4 O-O 8. Bc7 Qe7 9. Bd6 Bxd6 10. Qxd6 Qd8 11. Nc7 Rb8 12. Be2 b5 13. e5 b4 14.
exf6 bxc3 15. fxg7 Kxg7 16. Qg3+ Kh8 17. Qxc3+ f6 18.
Nb5 d5 19. O-O-O Bd7 20. g4 a6 21. Nd4 Qb6 22. Nxc6 Qxc6 23. Qd4 a5 24. g5 Rb4 25. Qe3 Rc8 26. Bd3 Qa4 27. gxf6 Qxa2 28. Qh6 Qxb2+ 29. Kd2 Qc3+ 30. Ke2 Re4+ 31. Kf1 Rb8 32. Qg7# 1-0

[Event "Early-Titled-Tuesday-Blitz-April-02-2024"]
[Site "Chess.com"]
[Date "2024.04.02"]
[Round "4"]
[White "Aygehovit1992"]
[Black "WindWhistler11"]
[Result "1-0"]
[WhiteElo "2839"]
[BlackElo "2427"]
[TimeControl "180+1"]
[EndTime "8:36:03 PDT"]
[Termination "Aygehovit1992 won by checkmate"]

1. e4 e6 2. d4 d5 3. Nc3 Bb4 4. e5 Ne7 5. Qg4 Nf5 6. Bd3 O-O 7.
Nf3 f6 8. exf6 Qxf6 9. Bg5 Qg6 10. Ne5 Qe8 11. h4 Nc6 12. O-O-O Ncxd4 13. Bxf5 Bxc3 14. Bxh7+ Kxh7 15. bxc3 Nc6 16. Rde1 Rf5 17. Bf4 Qf8 18. Qg6+ Kg8 19. g3 Nxe5 20. Rxe5 Rxe5 21. Bxe5 Bd7 22. h5 Qf5 23. Qxg7# 1-0

[Event "Early-Titled-Tuesday-Blitz-April-02-2024"]
[Site "Chess.com"]
[Date "2024.04.02"]
[Round "4"]
[White "novocane"]
[Black "elcala"]
[Result "1-0"]
[WhiteElo "2441"]
[BlackElo "1834"]
[TimeControl "180+1"]
[EndTime "8:36:08 PDT"]
[Termination "novocane won by resignation"]

1. d4 d5 2. c4 c6 3. cxd5 cxd5 4.
Bf4 Nf6 5. Nc3 e6 6. e3 Bd6 7.
Bxd6 Qxd6 8. f4 Nbd7 9. Bd3 Nb6 10. Nf3 Bd7 11. O-O a6 12. Ne5 h6 13. Rc1 Bc6 14.
f5 O-O 15. Rc2 Nfd7 16. Nxd7 Bxd7 17. f6 gxf6 18. Qg4+ Kh8 19. Qh4 f5 20. Qxh6+ Kg8 21. Bxf5 1-0

[Event "Early-Titled-Tuesday-Blitz-April-02-2024"]
[Site "Chess.com"]
[Date "2024.04.02"]
[Round "4"]
[White "enriquebutti"]
[Black "VanRommel28"]
[Result "0-1"]
[WhiteElo "2197"]
[BlackElo "2498"]
[TimeControl "180+1"]
[EndTime "8:36:22 PDT"]
[Termination "VanRommel28 won by resignation"]

1. d4 g6 2. e4 Bg7 3. Nc3 d6 4.
Be3 a6 5. a4 b6 6. f3 Nd7 7. Qd2 Bb7 8. h4 h5 9. Nh3 c5 10. d5 Ngf6 11. Ng5 Ne5 12. Be2 Bc8 13. O-O O-O 14. Kh1 Bd7 15. Nd1 b5 16. axb5 axb5 17. Rxa8 Qxa8 18. Nf2 Qa2 19. b3 Ra8 20. f4 Neg4 21. Nxg4 Nxg4 22. Bxg4 Bxg4 23. f5 Qb2 24. fxg6 fxg6 25. Ne6 Ra1 26. Rxa1 Qxa1+ 27. Kh2 Bxe6 28.
dxe6 Qe5+ 29. g3 Qxe4 0-1

[Event "Early-Titled-Tuesday-Blitz-April-02-2024"]
[Site "Chess.com"]
[Date "2024.04.02"]
[Round "4"]
[White "Dixit_Nikhil"]
[Black "bascheyaro"]
[Result "0-1"]
[WhiteElo "2638"]
[BlackElo "2802"]
[TimeControl "180+1"]
[EndTime "8:36:24 PDT"]
[Termination "bascheyaro won by checkmate"]

1. e4 e6 2. d4 d5 3. e5 c5 4. c3 Qb6 5. Nf3 Bd7 6. Be2 Bb5 7. dxc5 Bxc5 8. b4 Bxe2 9. Qxe2 Bf8 10. O-O Nc6 11. a3 Nge7 12. c4 Nd4 13. Nxd4 Qxd4 14. Ra2 Qxc4 15. Qxc4 dxc4 16. Nd2 Rc8 17. Ne4 Nd5 18. Rc2 b5 19. Be3 a6 20. Bc5 f5 21. Nd6+ Bxd6 22. exd6 Kd7 23. Re1 Rhe8 24. g3 a5 25. Kg2 axb4 26. axb4 Ra8 27. Ree2 g5 28.
Re1 g4 29. f3 h5 30. f4 h4 31. Rce2 h3+ 32. Kf2 Ra3 33. Rc2 Nc3 34. Re5 Ne4+ 35. Ke2 Rea8 36. Bd4 Ra2 37. Rxa2 Rxa2+ 38. Ke3 Nxg3 39.
Rxb5 Nf1# 0-1

[Event "Early-Titled-Tuesday-Blitz-April-02-2024"]
[Site "Chess.com"]
[Date "2024.04.02"]
[Round "4"]
[White "bipe137"]
[Black "RuperezA"]
[Result "0-1"]
[WhiteElo "2662"]
[BlackElo "2534"]
[TimeControl "180+1"]
[EndTime "8:36:25 PDT"]
[Termination "RuperezA won by resignation"]

1. d4 e6 2. c4 d5 3. Nc3 Nf6 4. cxd5 exd5 5. Bg5 c6 6. e3 Be7 7. Bd3 Nbd7 8. Nge2 Nh5 9. Bxe7 Qxe7 10. g4 Nhf6 11.
Ng3 g6 12. g5 Ng8 13. h4 h5 14. Qe2 Nb6 15. O-O-O Bg4 16. f3 Be6 17. a4 Qb4 18. Qc2 Ne7 19. e4 Qxd4 20. Nge2 Qb4 21. Nf4 dxe4 22.
Nxe4 Bb3 23. Qe2 Bxd1 24. Nf6+ Kf8 25. Rxd1 Qxf4+ 0-1

[Event "Early-Titled-Tuesday-Blitz-April-02-2024"]
[Site "Chess.com"]
[Date "2024.04.02"]
[Round "4"]
[White "visa"]
[Black "Maxfan2008"]
[Result "0-1"]
[WhiteElo "2374"]
[BlackElo "2584"]
[TimeControl "180+1"]
[EndTime "8:36:27 PDT"]
[Termination "Maxfan2008 won by resignation"]

1. Nf3 d5 2. b3 Bg4 3. Bb2 Nf6 4. g3 Bxf3 5. exf3 c5 6. Bg2 Nc6 7. f4 e6 8. O-O h5 9. h4 Be7 10. d3 O-O 11. Nd2 Ng4 12. c4 a5 13. cxd5 exd5 14.
Qf3 Bf6 15. Rab1 Bxb2 16. Rxb2 Qf6 17. Rbb1 Rad8 18. Rfc1 Rfe8 19. Rxc5 Nd4 20. Qd1 Ne2+ 21. Kf1 Nh2+ 22. Ke1 Nc3+ 0-1

[Event "Early-Titled-Tuesday-Blitz-April-02-2024"]
[Site "Chess.com"]
[Date "2024.04.02"]
[Round "4"]
[White "AlainBruxelles"]
[Black "MrChessSponge"]
[Result "1-0"]
[WhiteElo "2320"]
[BlackElo "2557"]
[TimeControl "180+1"]
[EndTime "8:36:30 PDT"]
[Termination "AlainBruxelles won by resignation"]

1. e4 c5 2. Nf3 d6 3. d4 cxd4 4.
Nxd4 Nf6 5. Nc3 a6 6. g3 g6 7. Bg2 Bg7 8. O-O O-O 9. h3 Nc6 10. Be3 Bd7 11. Nd5 Rc8 12. Rc1 b5 13. c3 Ne5 14. b3 Nc6 15. Qd2 Nxd4 16. Bxd4 Nxd5 17. exd5 Bxd4 18. cxd4 Qb6 19. Rfe1 Rxc1 20. Rxc1 Rc8 21. Re1 e6 22. dxe6 Bxe6 23. d5 Bf5 24. g4 Rc2 25. Qf4 Bd7 26. Re7 1-0

[Event "Early-Titled-Tuesday-Blitz-April-02-2024"]
[Site "Chess.com"]
[Date "2024.04.02"]
[Round "4"]
[White "Felix-Rose"]
[Black "SuperJesus88"]
[Result "0-1"]
[WhiteElo "2310"]
[BlackElo "2523"]
[TimeControl "180+1"]
[EndTime "8:36:30 PDT"]
[Termination "SuperJesus88 won by resignation"]

1. e4 e6 2. d4 d5 3. Nc3 Nf6 4. e5 Nfd7 5. f4 c5 6. Nf3 Nc6 7. Be3 cxd4 8. Nxd4 Bc5 9. Qd2 a6 10. O-O-O Nxd4 11. Bxd4 Bxd4 12. Qxd4 Qb6 13. h4 Qxd4 14. Rxd4 b5 15. a4 bxa4 16. Nxa4 Bb7 17. Bd3 Bc6 18.
h5 h6 19. Rh3 O-O 20. Bf1 Rfc8 21. Rc3 Kf8 22. g4 Ke7 23. Bd3 f6 24. exf6+ gxf6 25. Nc5 a5 26. Nxd7 Bxd7 27. Rxc8 Rxc8 28. Bg6 Kd6 29.
Rd3 e5 30. fxe5+ fxe5 31. Rf3 Bxg4 32. Rf6+ Kc5 33. Bd3 Rc6 34. Rf8 Bxh5 35. Rf5 Bg6 36. Rxe5 Bxd3 37. cxd3 Kd4+ 0-1

[Event "Early-Titled-Tuesday-Blitz-April-02-2024"]
[Site "Chess.com"]
[Date "2024.04.02"]
[Round "4"]
[White "Polish_fighter3000"]
[Black "Witik"]
[Result "1-0"]
[WhiteElo "3137"]
[BlackElo "2774"]
[TimeControl "180+1"]
[EndTime "8:36:31 PDT"]
[Termination "Polish_fighter3000 won by resignation"]

1. e4 e5 2. Nf3 Nc6 3. Bc4 Nf6 4. Ng5 d5 5. exd5 Na5 6. Bb5+ c6 7. dxc6 bxc6 8. Be2 h6 9. Nh3 Bc5 10. d3 O-O 11.
O-O Nb7 12. Nd2 Nd6 13. Kh1 Bxh3 14. gxh3 Nd5 15. Nb3 Bb6 16. c4 Qh4 17. cxd5 cxd5 18. Bf3 Qxh3 19. Bxd5 Rad8 20. Bg2 Qh4 21. Qf3 f5 22. Qg3 Qf6 23. Bd2 f4 24. Bd5+ Kh8 25. Qg4 e4 26. Bc3 1-0

[Event "Early-Titled-Tuesday-Blitz-April-02-2024"]
[Site "Chess.com"]
[Date "2024.04.02"]
[Round "4"]
[White "Fy_Rakotomaharo"]
[Black "Casper"]
[Result "1-0"]
[WhiteElo "2696"]
[BlackElo "2499"]
[TimeControl "180+1"]
[EndTime "8:36:31 PDT"]
[Termination "Fy_Rakotomaharo won by resignation"]

1. e4 c6 2. Nf3 d5 3. d3 Bg4 4. h3 Bxf3 5. Qxf3 dxe4 6. dxe4 Nd7 7. Nc3 Ngf6 8. Bd2 g6 9. O-O-O Bg7 10. g4 O-O 11. Qg3 e5 12. f4 exf4 13. Bxf4 Qa5 14. Be2 Rfe8 15. Bf3 Nb6 16. Bc7 Qb4 17. a3 Qc5 18.
Qd6 Qg5+ 19. Qf4 Bh6 20. Qxg5 Bxg5+ 21. Kb1 Nc4 22. Ka2 Ne3 23. Rd3 Rac8 24. Bg3 Rcd8 25. h4 Bh6 26. g5 Nxc2 27. Rxd8 Rxd8 28. gxh6 Rd3 29. Rd1 1-0

[Event "Early-Titled-Tuesday-Blitz-April-02-2024"]
[Site "Chess.com"]
[Date "2024.04.02"]
[Round "4"]
[White "Suleyman_Chess06"]
[Black "ChessFighter_2011"]
[Result "1-0"]
[WhiteElo "2758"]
[BlackElo "2910"]
[TimeControl "180+1"]
[EndTime "8:36:35 PDT"]
[Termination "Suleyman_Chess06 won by resignation"]

1. Nf3 Nf6 2. g3 g6 3. Bg2 Bg7 4. O-O O-O 5. d4 d6 6. c4 Nc6 7.
Nc3 a6 8. Qc2 Rb8 9. Rd1 Bd7 10.
b3 b5 11. cxb5 axb5 12. Bb2 b4 13. Ne4 Nxe4 14. Qxe4 Na5 15. Rac1 c5 16. Qc2 Rc8 17. dxc5 Rxc5 18. Qd2 Bxb2 19. Rxc5 dxc5 20. Qxb2 Qc7 21. h4 Bg4 22. Ne5 Be6 23. h5 Rd8 24. Rxd8+ Qxd8 25. h6 f6 26. Nd3 Qd6 27. Qc2 c4 28. bxc4 Nxc4 29.
Qa4 Kf7 30. Qa8 g5 31. Qh8 Bf5 32. Qg7+ Ke8 33. Qg8+ Kd7 34. Qxc4 Be6 35. Nc5+ 1-0

[Event "Early-Titled-Tuesday-Blitz-April-02-2024"]
[Site "Chess.com"]
[Date "2024.04.02"]
[Round "4"]
[White "davidkalashian"]
[Black "Road2GM3000"]
[Result "1-0"]
[WhiteElo "2662"]
[BlackElo "2433"]
[TimeControl "180+1"]
[EndTime "8:36:35 PDT"]
[Termination "davidkalashian won by checkmate"]

1. d4 d5 2. Nf3 c6 3. c4 Nf6 4. Qc2 a6 5. g3 g6 6. Bg2 Bg7 7. O-O O-O 8. Nc3 Bg4 9. Ne5 Bf5 10. Qb3 Ra7 11. cxd5 cxd5 12. Nxd5 Nxd5 13. Qxd5 Qxd5 14.
Bxd5 Rd8 15. Bxf7+ Kf8 16. Bb3 Rxd4 17. Nf3 Rd8 18.
Ng5 Nc6 19. Nxh7+ Ke8 20. Be3 Raa8 21. Ng5 Bxb2 22. Rad1 Na5 23. Bf7+ Kf8 24. Rxd8+ Rxd8 25. Bb6 Nc6 26. Bxd8 Nxd8 27. Bb3 b5 28. Rd1 Nb7 29. Be6 a5 30. Bxf5 gxf5 31. Rd7 Nd6 32. Ra7 a4 33. e3 a3 34. h4 b4 35. h5 Nb5 36. Rb7 b3 37. h6 bxa2 38. Rb8# 1-0

[Event "Early-Titled-Tuesday-Blitz-April-02-2024"]
[Site "Chess.com"]
[Date "2024.04.02"]
[Round "4"]
[White "JoliyRoger"]
[Black "teresin05"]
[Result "1-0"]
[WhiteElo "2418"]
[BlackElo "2231"]
[TimeControl "180+1"]
[EndTime "8:36:35 PDT"]
[Termination "JoliyRoger won by checkmate"]

1. d4 d5 2. c4 c6 3. Nc3 dxc4 4.
Nf3 b5 5. g3 Bb7 6. Bg2 a6 7.
O-O Nf6 8. Ne5 e6 9. a4 Qc8 10. f4 Be7 11. g4 Nbd7 12. g5 Nd5 13. Nxd7 Qxd7 14. e4 Nxc3 15. bxc3 O-O 16. Be3 Rfd8 17. Rf3 c5 18. Rh3 cxd4 19. Qh5 h6 20. Bxd4 Kh7 21. Qxh6+ gxh6 22. Rxh6+ Kg8 23. Rh8# 1-0

[Event "Early-Titled-Tuesday-Blitz-April-02-2024"]
[Site "Chess.com"]
[Date "2024.04.02"]
[Round "4"]
[White "savitha1030"]
[Black "Pragmatist237"]
[Result "1-0"]
[WhiteElo "2503"]
[BlackElo "2219"]
[TimeControl "180+1"]
[EndTime "8:36:36 PDT"]
[Termination "savitha1030 won by resignation"]

1. Nf3 Nf6 2. g3 b6 3. Bg2 Bb7 4. O-O g6 5. b3 Bg7 6. Bb2 O-O 7. c4 d5 8. cxd5 Bxd5 9. d3 Bb7 10. Nbd2 Nbd7 11. Nc4 a5 12. h4 a4 13.
Nce5 Nxe5 14. Bxe5 Bd5 15. bxa4 Qd7 16. Rc1 Rfc8 17.
e4 Bxa2 18. Ra1 Be6 19. Ng5 Ng4 20. Bxg7 Kxg7 21. Nxe6+ Qxe6 22. Bh3 f5 23. exf5 gxf5 24. Re1 Qf6 25. Bxg4 fxg4 26. Qxg4+ Kh8 27. Ra2 Rg8 28. Qe4 Qf7 29. Rae2 Rg7 30. Qxa8+ Rg8 31. Qe4 1-0

[Event "Early-Titled-Tuesday-Blitz-April-02-2024"]
[Site "Chess.com"]
[Date "2024.04.02"]
[Round "4"]
[White "tk22h"]
[Black "Chess4always"]
[Result "1/2-1/2"]
[WhiteElo "2393"]
[BlackElo "2020"]
[TimeControl "180+1"]
[EndTime "8:36:37 PDT"]
[Termination "Game drawn by repetition"]

1. c4 c6 2. e4 d5 3. exd5 cxd5 4. cxd5 Nf6 5. Nc3 g6 6. Nf3 Bg7 7. Bc4 O-O 8. O-O Nbd7 9. Re1 Nb6 10. Bb3 Bg4 11. h3 Bf5 12. d4 Nfxd5 13. Ne5 a5 14. a4 Nxc3 15. bxc3 Rc8 16. Qf3 Qc7 17. Bd2 Bxe5 18.
Rxe5 Nc4 19. Rc5 Nxd2 20. Qe3 Nxb3 21. Rxc7 Nxa1 22. Rxe7 Nc2 23. Qe5 Rxc3 24. d5 Rd3 25. g4 Bc8 26. Re8 Rd1+ 27. Kg2 Ne1+ 28. Kg3 Rd3+ 29. f3 Nxf3 30. Rxf8+ Kxf8 31. Qh8+ Ke7 32. Qxc8 Ne5+ 33. Kg2 Rxd5 34. Qxb7+ Rd7 35. Qb6 Rd5 36. Qb7+ Rd7 37. Qb6 Rd5 38. Qb7+ 1/2-1/2

[Event "Early-Titled-Tuesday-Blitz-April-02-2024"]
[Site "Chess.com"]
[Date "2024.04.02"]
[Round "4"]
[White "eagleclaw07"]
[Black "TERMINATOR_PC"]
[Result "1-0"]
[WhiteElo "2852"]
[BlackElo "2604"]
[TimeControl "180+1"]
[EndTime "8:36:38 PDT"]
[Termination "eagleclaw07 won on time"]

1. d4 Nf6 2. c4 e6 3. Nc3 Bb4 4. e3 O-O 5. Bd3 d5 6. Nf3 b6 7.
O-O Ba6 8. cxd5 exd5 9. Bxa6 Nxa6 10. Qa4 Qc8 11. Ne5 Bd6 12. Bd2 Re8 13. f4 Nb8 14. Rac1 a6 15. Qb3 Qb7 16. Be1 c5 17. Bh4 Ne4 18. Nxe4 dxe4 19. dxc5 1-0